 Dungeon Crawl Stone Soup version 0.27.1-33-g824d729ab1 (webtiles) character file.

Game seed: 12423296086284899938

12 SensoryNuts the Skirmisher (level 2, 0/33 HPs)
             Began as an Ogre Monk on Dec 6, 2021.
             Slain by a rat (1 damage)
             ... on level 2 of the Dungeon.
             The game lasted 00:00:38 (558 turns).

SensoryNuts the Skirmisher (Ogre Monk)               Turns: 558, Time: 00:00:39

Health: 0/33       AC:  3    Str: 14    XL:     2   Next: 33%
Magic:  2/2        EV: 10    Int: 11    God:
Gold:   22         SH:  0    Dex: 11    Spells: 1/1 levels left

rFire    . . .     SeeInvis .   a - +0 spear
rCold    . . .     Faith    .   (no shield)
rNeg     . . .     Spirit   .   b - +0 robe
rPois    .         Reflect  .   (helmet restricted)
rElec    .         Harm     .   (no cloak)
rCorr    .         Rampage  .   (gloves unavailable)
Will     .....                  (boots unavailable)
Stlth    ++........             (no amulet)
HPRegen  0.11/turn              (no ring)
MPRegen  0.08/turn              (no ring)

@: no status effects
A: large, unfitting armour, tough skin 1
a: no special abilities


You were on level 2 of the Dungeon.
You visited 1 branch of the dungeon, and saw 2 of its levels.

You collected 22 gold pieces.

Inventory:

Hand Weapons
 a - a +0 spear (weapon)
Armour
 b - a +0 robe (worn)
Jewellery
 e - a ring of protection from fire
Scrolls
 c - a scroll of teleportation {unknown}
 d - a scroll of identify {unknown}
 g - a scroll of vulnerability {unknown}
 h - a scroll of enchant armour {unknown}
Potions
 f - a potion of curing {unknown}
 i - a potion of brilliance {unknown}


   Skills:
 + Level 4.3 Fighting
 + Level 3.2 Polearms
 + Level 3.0 Dodging
 + Level 1.4 Stealth


You had one spell level left.
You didn't know any spells.
Your spell library contained the following spells:

 Spells                   Type           Power      Damage    Failure   Level
 Sting                    Tmut/Pois      0%         1d3       34%         1
 Poisonous Vapours        Pois/Air       0%         N/A       47%         2
 Olgreb's Toxic Radiance  Pois           0%         N/A       98%         4


Dungeon Overview and Level Annotations

Branches:
Dungeon (2/15)

Altars:

Annotations:
D:2 Natasha, Sigmund


Innate Abilities, Weirdness & Mutations

You are too large for most types of armour.
You have tough skin. (AC +1)


Message History

Nothing quivered!
There are monsters nearby!
Sigmund the Dreaded comes into view.
He is wielding a +0 scythe and carrying a wand of polymorph (4).
Sigmund shouts!
The kobold throws a stone.
The stone barely misses you.
The stone closely misses Natasha.
A rat comes into view.
The goblin unwields a +0 club.
The goblin wields a +0 hunting sling.
The goblin shoots a stone.
The stone barely misses you.
Sigmund moves out of view.
Natasha mumbles some strange words.
You hit the kobold.
You kill the kobold!
The goblin shoots a stone.
The stone hits you. The rat closely misses you.
The goblin shoots a stone.
The stone hits you.
Natasha extends her claws.
Natasha stares at you and mumbles some strange words.
The magic dart hits you. The rat bites you.
Things that are here:
a +0 dagger; 2 stones The white imp gestures at you.
The puff of frost hits you!
* * * LOW HITPOINT WARNING * * *
Found a stone staircase leading down.
Sigmund misses you.
The goblin shoots a stone.
The stone barely misses you. Natasha casts a spell at you.
You resist with significant effort.
A goblin comes into view. It is wielding a +0 club.
The goblin shouts!
You hit the rat.
The rat is moderately wounded.
You hear a shout!
The goblin shoots a stone.
The stone hits you but does no damage. Sigmund barely misses you.
The rat misses you.
Unknown command.
Natasha casts a spell.
The goblin shoots a stone.
The stone hits you.
* * * LOW HITPOINT WARNING * * *
The rat bites you.
You die...

..#(.......#
....#......#####.
#.........#.....
##....#.5....#.#
...............#
........ ..


You could see Sigmund, Natasha, a white imp (summoned), a shadow imp (summoned),
2 goblins and 2 rats.

Vanquished Creatures
  A dart slug (D:1)
  A bat (D:1)
  A giant cockroach (D:1)
  4 ball pythons (D:1)
  A frilled lizard (D:1)
  2 kobolds
  2 rats (D:1)
12 creatures vanquished.

Notes
Turn   | Place    | Note
-------+----------+-------------------------------------------
     0 | D:1      | SensoryNuts the Ogre Monk began the quest for the Orb.
     0 | D:1      | Reached XP level 1. HP: 24/24 MP: 1/1
   216 | D:1      | Reached XP level 2. HP: 32/32 MP: 2/2
   550 | D:2      | Noticed Natasha
   551 | D:2      | Noticed Sigmund
   558 | D:2      | HP: 1/33 [goblin/stone (6)]
   558 | D:2      | Slain by a rat

Illustrated notes

Levels and vault maps discovered:
D:1:      lightli_arrival_noodles, layout_rooms
D:2:      layout_rooms, uniq_jessica, uniq_sigmund, uniq_natasha

Skill      XL: |  1  2 |
---------------+-------+-----
Dodging        | 3 |  3.0
Fighting       | |  4.3
Polearms       | |  3.2
Stealth        | |  1.4

Action                   || total
-------------------------++-------
Melee: Spear             ||    28
Armor: Robe              ||     8
Dodge: Dodged            ||    16
